 Dungeon Crawl Stone Soup version 0.28-a0-704-g4d584c6bc1 (webtiles) character file.

Game seed: 2892073536438837972

46 Lekart the Skirmisher (level 3, 0/33 HPs)
             Began as a Draconian Fighter on Oct 24, 2021.
             Succumbed to a kobold's poison
             ... on level 2 of the Dungeon.
             The game lasted 00:01:49 (1202 turns).

Lekart the Skirmisher (Draconian Fighter)           Turns: 1202, Time: 00:01:50

Health: 0/33       AC:  5    Str: 19    XL:     3   Next: 46%
Magic:  3/3        EV: 12    Int:  8    God:
Gold:   42         SH:  4    Dex: 10    Spells: 2/2 levels left

rFire   . . .      SeeInvis .   a - +0 long sword
rCold   . . .      Faith    .   b - +0 buckler
rNeg    . . .      Spirit   .   (armour unavailable)
rPois   .          Reflect  .   (helmet restricted)
rElec   .          Harm     .   (no cloak)
rCorr   .          Rampage  .   (no gloves)
Will    .....                   (no boots)
Stlth   +.........              (no amulet)
HPRegen 0.11/turn               (no ring)
MPRegen 0.08/turn               (no ring)

@: mighty, lethally poisoned (0 -> -8)
A: AC +5, unfitting armour, cold-blooded
a: no special abilities


You were on level 2 of the Dungeon.
You visited 1 branch of the dungeon, and saw 2 of its levels.

You collected 42 gold pieces.

Inventory:

Hand Weapons
 a - a +0 long sword (weapon)
Armour
 b - a +0 buckler (worn)
Scrolls
 d - 2 scrolls of identify {unknown}
Potions
 c - a potion of might


   Skills:
 + Level 3.7 Fighting
 + Level 2.6 Long Blades
 + Level 3.1 Dodging
 + Level 3.4 Shields


You had 2 spell levels left.
You didn't know any spells.
Your spell library was empty.

Dungeon Overview and Level Annotations

Branches:
Dungeon (2/15)

Altars:


Innate Abilities, Weirdness & Mutations

Your plain brown scales are hard. (AC +5)
You cannot fit into any form of body armour.
You are cold-blooded and may be slowed by cold attacks.


Message History

No target in view!
A worm comes into view.
A worm is nearby!
A kobold comes into view.
It is wielding a +0 short sword of venom.
The kobold shouts!
There are monsters nearby!
There are monsters nearby!
You barely miss the worm.
The kobold hits you with a +0 short sword of venom.
You are poisoned.
The worm bites you but does no damage.
You hit the worm.
The worm is lightly wounded.
You feel very sick. The kobold closely misses you. The worm bites you!
The kobold closely misses you.
You hit the worm. You tail-slap the worm.
The worm is heavily wounded.
You feel sick. The kobold barely misses you. The worm bites you.
You are too injured to fight recklessly!
You feel sick. You block the kobold's attack.
You feel sick.
You feel sick.
You feel very mighty all of a sudden.
You feel sick. The kobold hits you but does no damage.
You closely miss the kobold.
You feel sick.
You are no longer poisoned.
The kobold barely misses you.
You barely miss the kobold.
The kobold hits you with a +0 short sword of venom.
* * * LOW HITPOINT WARNING * * *
You are lethally poisoned!
The kobold hits you but does no damage.
You miss the kobold.
* * * LOW HITPOINT WARNING * * *
You feel very sick. The kobold closely misses you.
You slice the kobold!!
You kill the kobold!
You die...

.# .# .# ####
#### #.## ..#
#.. ...###. #.#
#.###.......
###.###.##.....#
#......@)w....#
#.#.###.####..#
#.###.#.# #...
.# ## #.......#
##### # .#
#####.### .#
######.## .#
#.......# .#
#.####..##
.####.##)....###


You could see a worm.

Vanquished Creatures
  An adder (D:2)
  3 ball pythons
  3 endoplasms (D:1)
  A giant cockroach (D:1)
  4 hobgoblins
  3 jackals (D:1)
  3 kobolds
  2 quokkas (D:1)
  3 bats
  7 goblins
  2 rats
32 creatures vanquished.

Notes
Turn   | Place    | Note
-------+----------+-------------------------------------------
     0 | D:1      | Lekart the Draconian Fighter began the quest for the Orb.
     0 | D:1      | Reached XP level 1. HP: 19/19 MP: 1/1
   367 | D:1      | Reached XP level 2. HP: 23/26 MP: 2/2
   823 | D:1      | Reached XP level 3. HP: 31/31 MP: 3/3
  1202 | D:2      | Succumbed to a kobold's poison

Illustrated notes

Levels and vault maps discovered:
D:1:      dpeg_arrival_snail, layout_loops_corners, minmay_misc_feat_enclosed
D:2:      layout_loops_corners, ebering_ecumenical_altar_hall, basic_altar,
          serial_shops, nicolae_shop_crystal, uniq_robin

Skill      XL: |  1  2 |
---------------+-------+-----
Dodging        | 3 |  3.1
Fighting       | |  3.7
Long Blades    | |  2.6
Shields        | |  3.4

Action                   || total
-------------------------++-------
Melee: Long sword        ||    75
       Tailslap          ||     7
  Use: Potion            ||     1
 Stab: Sleeping          ||     2
Armor: Skin              ||    25
Dodge: Dodged            ||    51
Block: Buckler           ||    21

Table legend: (Time is in decaauts)
 A = Elapsed time spent in this place.
 B = Non-inter-level travel time spent in this place.
 C = Inter-level travel time spent in this place.
 D = Time resting spent in this place.
 E = Time spent auto-exploring this place.
 F = Levels seen in this place.
 G = Mean time per level.
                   A        B        C        D        E       F      G
               +--------+--------+--------+--------+--------+-----+--------+
         Total |   1224 |   1199 |     25 |      0 |   1008 |   2 |  612.0 |
       Dungeon |   1224 |   1199 |     25 |      0 |   1008 |   2 |  612.0 |
               +--------+--------+--------+--------+--------+-----+--------+

Top non-repeatable levels by time:
     D:1: 941 daAuts
     D:2: 282 daAuts
